 Dungeon Crawl Stone Soup version 0.24-a0-479-g9a978d2894 (webtiles) character file.

Game seed: 10200250197725440896

355 Elric the Charmwright (level 6, 0/50 (51) HPs)
             Began as a Gnoll Skald on July 7, 2019.
             Was an Initiate of Makhleb.
             Killed by nerve-wracking pain
             ... invoked by Grinder
              (12 damage)
             ... on level 6 of the Dungeon.
             The game lasted 00:04:31 (2080 turns).

Elric the Charmwright (Gnoll Skald)                 Turns: 2080, Time: 00:04:31

HP:   0/50 (51)     AC:  4    Str: 15    XL:     6   Next: 63%
MP:   9/14          EV: 14    Int: 15    God:    Makhleb [......]
Gold: 76            SH:  0    Dex: 15    Spells: 4/15 levels left

rFire    . . .     SeeInvis .   a - +0 spear
rCold    . . .     Gourm    .   (no shield)
rNeg     . . .     Faith    .   b - +1 leather armour
rPois    .         Spirit   .   (no helmet)
rElec    .         Reflect  .   (no cloak)
rCorr    .         Harm     .   (no gloves)
MR       .....                  (no boots)
Stlth    ++........             (no amulet)
HPRegen  0.16/turn              (no ring)
MPRegen  0.14/turn              (no ring)

@: infused (expiring), singing
A: distributed training, fangs 1, strong nose
a: Renounce Religion


You were on level 6 of the Dungeon.
You worshipped Makhleb.
Makhleb was noncommittal.
You were full.

You visited 1 branch of the dungeon, and saw 6 of its levels.

You collected 76 gold pieces.

Inventory:

Hand Weapons
 a - a +0 spear (weapon)
Armour
 b - a +1 leather armour (worn)
Jewellery
 c - a +2 ring of protection {unknown}
Scrolls
 g - a scroll of identify {unknown}
Comestibles
 d - 3 rations


   Skills:
 + Level 5.0 Fighting
 + Level 2.0 Short Blades
 + Level 2.0 Long Blades
 + Level 2.0 Axes
 + Level 2.0 Maces & Flails
 + Level 5.0 Polearms
 + Level 2.0 Staves
 + Level 2.0 Slings
 + Level 2.0 Bows
 + Level 2.0 Crossbows
 + Level 2.0 Throwing
 + Level 3.3 Armour
 + Level 5.0 Dodging
 + Level 2.0 Stealth
 + Level 2.0 Shields
 + Level 2.0 Unarmed Combat
 + Level 5.4 Spellcasting
 + Level 1.6 Conjurations
 + Level 1.6 Hexes
 + Level 5.7 Charms
 + Level 1.6 Summonings
 + Level 1.6 Necromancy
 + Level 1.6 Translocations
 + Level 1.6 Transmutations
 + Level 1.6 Fire Magic
 + Level 1.6 Ice Magic
 + Level 1.6 Air Magic
 + Level 1.6 Earth Magic
 + Level 1.6 Poison Magic
 + Level 2.2 Invocations
 + Level 2.0 Evocations


You had 4 spell levels left.
You knew the following spells:

 Your Spells              Type           Power        Failure   Level  Hunger
a - Infusion              Chrm           ###.         1%          1    None
b - Song of Slaying       Chrm           ###.....     2%          2    #......
c - Shroud of Golubria    Chrm/Tloc      ###...       6%          2    #......
d - Spectral Weapon       Hex/Chrm       ###.....     13%         3    ###....
e - Regeneration          Chrm/Necr      ###.......   13%         3    ###....

Your spell library contained the following spells:

 Spells                   Type           Power        Failure   Level  Hunger


Dungeon Overview and Level Annotations

Branches:
Dungeon (5/15)
 Temple: D:4-7

Altars:
Ashenzari
Gozag
Kikubaaqudgha
Makhleb
Nemelex Xobeh
Sif Muna

Annotations:
D:6 Grinder


Innate Abilities, Weirdness & Mutations

Your experience applies equally to all skills.
You have very sharp teeth.
Your uncanny sense of smell can sniff out nearby items.


Message History

Pain shoots through your body!
* * * LOW HITPOINT WARNING * * *
You aren't carrying any potions.
As you read the scroll labeled YTUGEF WYRRE, it crumbles to dust.
You feel blessed for a moment.
It was a scroll of remove curse.
Attack whom?
Press: ? - help, Dir - move target cursor, f/p - Grinder
Aim: Grinder (moderately wounded)
You closely miss Grinder.
Grinder is moderately wounded.
Grinder blinks!
Attack whom?
Press: ? - help, Dir - move target cursor, f/p - Grinder
Aim: Grinder (moderately wounded)
You reach to attack!
You hit Grinder.
Grinder is heavily wounded.
Grinder says, "My boss said I was rubbish.
His entrails said otherwise."
Grinder gestures at you. Pain shoots through your body!
You die...

#.## ##_.♣### ####
#8...).# #.. ##_.♣#.#
#.####### #.###.#
##.#.....#
####..###......#.#
#.#.......#.#.#.#
###.#.5.....#.#.#.#
#...@.###.#.#.#.#.###
#####§# #...#'#+#.#..
#'# #.......>O#.. ...
#.........#.#
.....#............
......'........###.
.......#........###'
.................##..
..................##..


You could see Grinder.

Vanquished Creatures
  An ogre (D:6)
  A necrophage (D:6)
  A crimson imp (D:6)
  A hound (D:4)
  A worker ant (D:4)
  An orc wizard (D:4)
  3 adders
  An ooze (D:2)
  A leopard gecko (D:2)
  4 giant cockroaches (D:1)
  5 goblins
  4 hobgoblins
  A quokka (D:2)
  3 bats
  A frilled lizard (D:1)
  13 kobolds
  8 rats
50 creatures vanquished.

Notes
Turn   | Place    | Note
-------+----------+-------------------------------------------
     0 | D:1      | Elric the Gnoll Skald began the quest for the Orb.
     0 | D:1      | Reached XP level 1. HP: 20/20 MP: 6/6
   109 | D:1      | Reached XP level 2. HP: 26/26 MP: 3/7
   743 | D:2      | Reached skill level 5 in Spellcasting
   743 | D:2      | Reached XP level 3. HP: 24/31 MP: 4/9
   847 | D:2      | Found an opulent altar of Gozag.
   894 | D:2      | Reached skill level 1 in Invocations
   911 | D:2      | Found an ancient bone altar of Kikubaaqudgha.
  1140 | D:2      | Reached skill level 1 in Short Blades
  1140 | D:2      | Reached skill level 1 in Long Blades
  1140 | D:2      | Reached skill level 1 in Axes
  1140 | D:2      | Reached skill level 1 in Maces & Flails
  1140 | D:2      | Reached skill level 1 in Staves
  1140 | D:2      | Reached skill level 1 in Slings
  1140 | D:2      | Reached skill level 1 in Bows
  1140 | D:2      | Reached skill level 1 in Crossbows
  1140 | D:2      | Reached skill level 1 in Throwing
  1140 | D:2      | Reached skill level 1 in Stealth
  1140 | D:2      | Reached skill level 1 in Shields
  1140 | D:2      | Reached skill level 1 in Unarmed Combat
  1140 | D:2      | Reached skill level 1 in Evocations
  1190 | D:2      | Found a sparkling altar of Nemelex Xobeh.
  1191 | D:2      | Found a shattered altar of Ashenzari.
  1271 | D:2      | Reached XP level 4. HP: 38/38 MP: 6/11
  1421 | D:3      | Learned a level 2 spell: Song of Slaying
  1431 | D:3      | Learned a level 2 spell: Shroud of Golubria
  1435 | D:3      | Learned a level 3 spell: Spectral Weapon
  1439 | D:3      | Learned a level 3 spell: Regeneration
  1453 | D:3      | You fall into a shaft and drop 2 floors!
  1453 | D:5      | Entered Level 5 of the Dungeon
  1454 | D:5      | Noticed a centaur
  1510 | D:4      | Reached skill level 1 in Conjurations
  1510 | D:4      | Reached skill level 1 in Hexes
  1510 | D:4      | Reached skill level 1 in Summonings
  1510 | D:4      | Reached skill level 1 in Necromancy
  1510 | D:4      | Reached skill level 1 in Translocations
  1510 | D:4      | Reached skill level 1 in Transmutations
  1510 | D:4      | Reached skill level 1 in Fire Magic
  1510 | D:4      | Reached skill level 1 in Ice Magic
  1510 | D:4      | Reached skill level 1 in Air Magic
  1510 | D:4      | Reached skill level 1 in Earth Magic
  1510 | D:4      | Reached skill level 1 in Poison Magic
  1510 | D:4      | Reached XP level 5. HP: 13/43 MP: 5/12
  1799 | D:4      | You fall into a shaft and drop 2 floors!
  1800 | D:6      | Noticed an ogre
  1821 | D:6      | Noticed a necrophage
  1827 | D:6      | Found a burning altar of Makhleb.
  1828 | D:6      | Found a deep blue altar of Sif Muna.
  1849 | D:6      | Killed an ogre
  1849 | D:6      | Reached XP level 6. HP: 21/50 MP: 2/13
  1856 | D:6      | Killed a necrophage
  1856 | D:6      | Reached skill level 5 in Fighting
  1856 | D:6      | Reached skill level 5 in Polearms
  1856 | D:6      | Reached skill level 5 in Dodging
  2045 | D:6      | Became a worshipper of Makhleb the Destroyer
  2056 | D:6      | Noticed Grinder
  2080 | D:6      | Killed from afar by Grinder

Levels and vault maps discovered:
D:1:      kennysheep_arrival_seaside, layout_basic, minmay_tetromino_s4
D:2:      layout_basic, nicolae_overflow_hidden_temple, lemuel_round_altar,
          serial_aquarium, aquarium_bridge_long_joined
          [aquarium_subvault_bridge, aquarium_subvault_bridge,
          aquarium_subvault_bridge, aquarium_subvault_balcony,
          aquarium_subvault_bridge, aquarium_subvault_wall], aquarium_window_1,
          aquarium_window_2, aquarium_window_1, aquarium_window_fake,
          aquarium_view_2e, aquarium_view_2d
D:3:      layout_basic, lemuel_crystal_altar, serial_park_tiny_2,
          minmay_misc_feat_doors
D:4:      layout_loops_corners, kennysheep_generic_room_10
D:5:      layout_rooms, minmay_temple_entry_sparse_star, first_ration
D:6:      layout_basic, kennysheep_little_box, gammafunk_temple_overflow_statue,
          feat_on_display, uniq_grinder

Skill      XL: |  1  2  3  4  5  6 |
---------------+-------------------+-----
Spellcasting   | 5 |  5.4
Invocations    | 1 2 |  2.2
Short Blades   | 1 2 |  2.0
Long Blades    | 1 2 |  2.0
Axes           | 1 2 |  2.0
Maces & Flails | 1 2 |  2.0
Staves         | 1 2 |  2.0
Slings         | 1 2 |  2.0
Bows           | 1 2 |  2.0
Crossbows      | 1 2 |  2.0
Throwing       | 1 2 |  2.0
Stealth        | 1 2 |  2.0
Shields        | 1 2 |  2.0
Unarmed Combat | 1 2 |  2.0
Evocations     | 1 2 |  2.0
Conjurations   | 1 |  1.6
Hexes          | 1 |  1.6
Summonings     | 1 |  1.6
Necromancy     | 1 |  1.6
Translocations | 1 |  1.6
Transmutations | 1 |  1.6
Fire Magic     | 1 |  1.6
Ice Magic      | 1 |  1.6
Air Magic      | 1 |  1.6
Earth Magic    | 1 |  1.6
Poison Magic   | 1 |  1.6
Armour         | 3 |  3.3
Fighting       | 5 |  5.0
Polearms       | 5 |  5.0
Dodging        | 5 |  5.0
Charms         | |  5.7

Action                   |  1- 3 |  4- 6 || total
-------------------------+-------+-------++-------
Melee: Spear             |    75 |    70 ||   145
       Bite              |     4 |     9 ||    13
       Punch             |     1 |       ||     1
 Cast: Infusion          |    17 |     5 ||    22
       Shroud of Golubri |       |     2 ||     2
       Song of Slaying   |       |     2 ||     2
  Use: Scroll            |       |     2 ||     2
 Stab: Sleeping          |     1 |       ||     1
  Eat: Chunk             |       |     1 ||     1
       Ration            |       |     2 ||     2
Armor: Leather armour    |    10 |     9 ||    19
Dodge: Dodged            |    25 |    53 ||    78

Table legend:
 A = Non-vault XP
 B = Vault XP
 C = Vault XP percentage of total XP
 D = Non-vault monster count
 E = Vault monster count
 F = Vault count percentage of total count
                 A         B        C        D         E       F
            +---------+---------+-------+---------+---------+-------
      Total |     465 |      43 |   8.5 |      48 |       2 |   4.0
            +---------+---------+-------+---------+---------+-------
        D:1 |      29 |       1 |   3.3 |      18 |       1 |   5.3
        D:2 |      53 |       0 |   0.0 |      23 |       0 |   0.0
        D:4 |      85 |      42 |  33.1 |       3 |       1 |  25.0
        D:6 |     298 |       0 |   0.0 |       4 |       0 |   0.0
            +---------+---------+-------+---------+---------+-------
